 Dungeon Crawl Stone Soup version 0.20-a0-513-g02c11fc (webtiles) character file.

51541 Amnesiac the Unseen (level 14, -1/80 HPs)
             Began as a Spriggan Enchanter on Jan 22, 2017.
             Was an Initiate of Gozag.
             Slain by a vampire knight
             ... wielding a +0 great sword
             ... summoned by an orange crystal statue
              (36 damage)
             ... on level 1 of the Depths on Jan 23, 2017.
             The game lasted 00:55:49 (19651 turns).

Amnesiac the Unseen (Spriggan Enchanter)           Turns: 19651, Time: 00:55:50

Health: -1/80      AC: 10    Str:  4    XL:     14   Next: 23%
Magic:  31/33      EV: 26    Int: 21    God:    Gozag
Gold:   670        SH: 15    Dex: 17    Spells: 19/42 levels left

rFire    . . .     SeeInvis +   l - +1 rapier (elec)
rCold    + . .     Gourm    .   U - +2 robe
rNeg     . . .     Faith    .   M - +1 buckler
rPois    .         Spirit   .   Z - +2 hat {MR+}
rElec    .         Reflect  +   S - +0 cloak
rCorr    .         Harm     .   (gloves unavailable)
MR       +....                  (boots unavailable)
Stlth    ++++++....             x - +6 amulet of reflection
Regen    0.3/turn               m - +1 ring of protection
                                A - ring of protection from cold

@: vulnerable, gold aura, studying Stealth, very quick
A: unfitting armour, hooves 1, horns 1, slimy green scales 1, see invisible,
herbivore 3, speed 3, slow metabolism 2, sturdy frame 1
a: Potion Petition, Call Merchant, Bribe Branch, Renounce Religion


You were on level 1 of the Depths.
You worshipped Gozag.
Gozag was pleased with you.
You were not hungry.

You visited 2 branches of the dungeon, and saw 16 of its levels.
You also visited: Labyrinth and Ossuary.

You collected 5634 gold pieces.
You spent 3409 gold pieces at shops.
You paid 1555 gold pieces to Gozag.

Inventory:

Hand Weapons
 l - a +1 rapier of electrocution (weapon)
 B - a +1 eveningstar of crushing
 C - a +0 dagger of speed
 P - a +1 falchion of flaming
 Q - a +3 dagger
 T - a +3 dagger of chaos
Missiles
 c - 288 arrows
Armour
 M - a +1 buckler (worn)
 S - a +0 cloak (worn)
 U - a +2 robe (worn)
 Z - a +2 hat of magic resistance (worn)
Jewellery
 h - an uncursed ring of flight
 m - a +1 ring of protection (right hand)
 x - a +6 amulet of reflection (around neck)
 A - a ring of protection from cold (left hand)
Wands
 i - a wand of disintegration (24/24)
 G - a wand of confusion (21/48)
 O - a wand of polymorph (16/24)
 R - a wand of lightning (9/15)
 W - a wand of paralysis (13/24)
 Y - a wand of flame (33/48)
Scrolls
 k - 5 scrolls of teleportation
 n - 2 scrolls of fog
 p - 7 scrolls of remove curse
 q - 4 scrolls of amnesia
 u - 4 scrolls of recharging
 v - 2 scrolls of enchant armour
 y - 2 scrolls of fear
 I - 2 scrolls of enchant weapon
 J - a scroll of silence
 K - a scroll of identify
Potions
 e - 2 potions of might
 f - 2 potions of ambrosia
 g - 3 potions of magic {unknown}
 j - 3 potions of agility {unknown}
 o - 9 potions of curing
 s - 3 potions of brilliance
 t - 3 potions of lignification
 z - 2 potions of cancellation
 D - 2 potions of berserk rage
 E - a potion of heal wounds
 F - 3 potions of flight
 H - a potion of haste
Books
 a - a manual of Stealth
 b - a book of Death

   Spells                             Type                      Level
   a - Corpse Rot                     Necromancy                   2
   b - Sublimation of Blood           Necromancy                   2
   c - Agony                          Necromancy                   5
   d - Dispel Undead                  Necromancy                   5
   e - Excruciating Wounds            Charms/Necromancy            5
   f - Bolt of Draining               Conjuration/Necromancy       5
 L - a book of Party Tricks

   Spells                             Type                      Level
   a - Summon Butterflies             Summoning                    1
   b - Apportation                    Translocation                1
   c - Lesser Beckoning               Translocation                3
   d - Tukima's Dance                 Hexes                        3
   e - Alistair's Intoxication        Transmutation/Poison         5
   f - Invisibility                   Hexes                        6
 V - a book of Necromancy

   Spells                             Type                      Level
   a - Pain                           Necromancy                   1
   b - Animate Skeleton               Necromancy                   1
   c - Vampiric Draining              Necromancy                   3
   d - Regeneration                   Charms/Necromancy            3
   e - Animate Dead                   Necromancy                   4
   f - Control Undead                 Necromancy                   4
Miscellaneous
 N - a phantom mirror
 X - a box of beasts
Comestibles
 d - 13 bread rations
 r - 4 fruits
 w - 2 royal jellies


   Skills:
 - Level 12.1 Fighting
 - Level 8.0 Short Blades
 - Level 10.0 Dodging
 - Level 16.0 Stealth
 - Level 7.2 Shields
 + Level 14.9 Spellcasting
 - Level 11.0 Hexes


You had 19 spell levels left.
You knew the following spells:

 Your Spells              Type           Power        Failure   Level  Hunger
a - Dazzling Spray        Conj/Hex       #####.       1%          3    None
b - Apportation           Tloc           ###...       4%          1    None
c - Invisibility          Hex            ######..     10%         6    #####..
d - Summon Butterflies    Summ           ###.....     4%          1    None
e - Confuse               Hex            ######..     1%          3    None
g - Animate Skeleton      Necr           N/A          4%          1    None
h - Summon Small Mammal   Summ           ###.         4%          1    None
i - Sticks to Snakes      Tmut           ###.....     8%          2    None
w - Tukima's Dance        Hex            ######..     1%          3    None
z - Ensorcelled Hibernat  Hex/Ice        #####.       1%          2    None


Dungeon Overview and Level Annotations

Branches:
Dungeon (15/15)            Temple (0/1) D:7            Lair (0/6) D:8
    Orc (0/2) D:11         Vaults (0/5) D:14         Depths (1/5) D:15

Altars:
Dithmenos
Elyvilon
Gozag
Kikubaaqudgha
Makhleb
Nemelex Xobeh
Qazlal
Trog
Uskayaw
Vehumet
Yredelemnul
Zin
The Shining One

Shops:
D:8 :   D:9 [   D:15 :([

Annotations:
D:15 Rupert
Depths:1 exclusion: orange crystal statue


Innate Abilities, Weirdness & Mutations

You are very small and have problems with some larger weapons.
You are too small for most types of armour.
You have supernaturally acute eyesight. (SInv)
You are a herbivore.
You cover ground extremely quickly.
You need consume almost no food.
You have large cloven feet.
You have a pair of small horns on your head.
You are partially covered in slimy green scales. (AC +2)
Your movements are slightly less encumbered by armour. (ER -2)


Message History

The bolt hits the yaktaur!!
The bolt disappears in a puff of smoke!
The phantasmal warrior barely misses you.
You block the vampire knight's attack. x2
The phantasmal warrior completely misses you.
The orange crystal statue glitters.
You resist with some effort.
There is a staircase back to the Dungeon, spattered with blood here.
The yaktaur shoots a bolt.
You reflect the bolt off an invisible shield around you!
The bolt hits the yaktaur!!
The bolt disappears in a puff of smoke!
The yaktaur unwields an uncursed arbalest.
The yaktaur closely misses you.
The yaktaur shoots a bolt.
The bolt hits you!!
The bolt dissolves into shadows!
The yaktaur shoots a bolt.
You reflect the bolt off an invisible shield around you!
The bolt barely misses the yaktaur.
The bolt disappears in a puff of smoke!
The phantasmal warrior hits you!!
Your magical defenses are stripped away!
The vampire knight hits you with a great sword!!!
You die...
Your body crumbles into a pile of gold.

## ## #. .
#. . ##.#.
## #...#..#
###..c##.#
#....V@..###
#.$c.W$W...#
#..........#
#....c.....+
#(..8.c..$.#
#.....)....#
#..........#
#......c...#
+..........#


You could see a vampire knight, an orange crystal statue, 2 phantasmal warriors
and 5 yaktaurs.

Vanquished Creatures
  Agnes (D:14)
  Louise (D:15)
  A frost giant (D:15)
  A stone giant (Depths:1)
  A minotaur (Lab)
  4 vault guards (D:14)
  A yaktaur captain (D:15)
  A hydra (D:15)
  2 centaur warriors
  A catoblepas (D:15)
  The ghost of kidcy the Cruncher, a novice FoFi of Ashenzari (D:9)
  3 two-headed ogres
  2 tengu warriors (Depths:1)
  8 skeletal warriors
  A wizard (D:14)
  3 unseen horrors
  An orc knight (D:15)
  2 wolf spider zombies (D:15)
  Pikel (D:7)
  4 cyclopes
  4 deep elf magi
  6 ugly things
  A manticore (D:15)
  Psyche (D:11)
  A gargoyle (D:14)
  4 yaktaurs (D:15)
  2 centaur skeletons
  A rime drake (shapeshifter) (D:14)
  A tengu conjurer (D:15)
  A komodo dragon (D:14)
  3 meliai (D:15)
  A hornet (D:12)
  3 trolls
  2 hippogriffs
  20 slime creatures
  2 shadows
  A meliai zombie (D:13)
  A vampire (D:13)
  3 wyverns
  A spriggan (D:7)
  3 wraiths
  18 yaks
  10 vampire mosquitoes (D:14)
  4 hungry ghosts
  The ghost of asdu the Gusty, an amateur HuAE (D:4)
  An acid dragon (D:15)
  2 water moccasins
  4 porcupines (D:8)
  5 ice beasts
  8 orc warriors
  7 sky beasts
  4 slaves (D:7)
  3 black bears
  An eye of draining (D:14)
  2 necrophages
  A phantom (D:14)
  6 ogres
  6 centaurs
  A crocodile (D:8)
  2 big kobolds (D:12)
  11 bullfrogs
  A gnoll sergeant (D:8)
  6 scorpions
  A hornet simulacrum (D:15)
  8 killer bees
  13 wights
  2 howler monkeys
  2 crimson imps
  A centaur zombie (D:6)
  7 hounds
  2 quasits
  3 jellies
  11 orc priests
  8 iguanas
  13 orc wizards
  11 worker ants
  2 big kobold zombies (Ossuary)
  A hound zombie (D:9)
  8 mummies (Ossuary)
  A worker ant zombie (D:7)
  A gnoll (D:1)
  A howler monkey skeleton (D:10)
  12 adders
  4 shadow imps
  An ooze (D:3)
  An adder zombie (D:8)
  2 adder skeletons
  A worm (D:3)
  6 leopard geckos
  65 orcs
  3 ball pythons
  5 giant cockroaches
  2 gnoll zombies (Ossuary)
  5 goblins
  5 hobgoblins
  11 jackals
  4 quokkas
  5 bats
  5 frilled lizards
  2 hobgoblin zombies (Ossuary)
  17 kobolds
  2 orc zombies (Ossuary)
  A quokka skeleton (D:4)
  A quokka zombie (D:9)
  7 rats
  2 fungi (D:15)
471 creatures vanquished.

Vanquished Creatures (others)
  A tengu warrior (D:15)
  4 dancing weapons
  5 centaurs
  A quokka (D:7)
  10 fungi
21 creatures vanquished.

Grand Total: 492 creatures vanquished

Notes
Turn   | Place    | Note
-------+----------+-------------------------------------------
     0 | D:1      | Amnesiac the Spriggan Enchanter began the quest for the Orb.
     0 | D:1      | Reached XP level 1. HP: 9/9 MP: 5/5
   464 | D:3      | Reached XP level 2. HP: 13/13 MP: 5/7
   472 | D:3      | Learned a level 2 spell: Ensorcelled Hibernation
   498 | D:3      | Noticed a wyvern
   553 | D:3      | Found an opulent altar of Gozag.
   799 | D:3      | Became a worshipper of Gozag Ym Sagoz the Greedy
   804 | D:3      | Reached XP level 3. HP: 16/16 MP: 6/9
   933 | D:1      | Learned a level 3 spell: Confuse
   937 | D:1      | Learned a level 3 spell: Tukima's Dance
  1691 | D:2      | Found a hide-covered altar of Uskayaw.
  1892 | D:2      | Reached skill level 5 in Spellcasting
  1892 | D:2      | Reached XP level 4. HP: 21/21 MP: 7/12
  1907 | D:2      | Noticed a hand axe
  1908 | D:2      | Noticed a dagger
  2112 | D:2      | Found a shadowy altar of Dithmenos.
  2892 | D:3      | Found a bloodstained altar of Trog.
  3364 | D:3      | Reached XP level 5. HP: 24/24 MP: 7/14
  3590 | D:3      | Found a radiant altar of Vehumet.
  3713 | D:3      | Killed a wyvern
  3713 | D:3      | Reached XP level 6. HP: 24/28 MP: 11/16
  3940 | D:4      | Reached skill level 5 in Short Blades
  3969 | D:3      | Learned a level 3 spell: Dazzling Spray
  4358 | D:4      | Found an ancient bone altar of Kikubaaqudgha.
  4403 | D:4      | Reached XP level 7. HP: 19/32 MP: 8/17
  4677 | D:4      | Noticed asdu's ghost (amateur HuAE)
  4689 | D:4      | Killed asdu's ghost
  4916 | D:5      | Entered Level 5 of the Dungeon
  4921 | D:5      | Found a sparkling altar of Nemelex Xobeh.
  4922 | D:5      | Found an opulent altar of Gozag.
  5060 | D:5      | Reached XP level 8. HP: 36/36 MP: 16/19
  5348 | D:5      | Found a sparkling altar of Nemelex Xobeh.
  5547 | D:5      | Found a basalt altar of Yredelemnul.
  5570 | D:5      | Reached skill level 5 in Hexes
  6553 | D:7      | Found a stormy altar of Qazlal.
  6561 | D:7      | Found a glowing golden altar of the Shining One.
  6652 | D:7      | Noticed Pikel
  6669 | D:7      | Killed Pikel
  6669 | D:7      | Reached XP level 9. HP: 38/39 MP: 13/22
  6720 | D:7      | Found a white marble altar of Elyvilon.
  6759 | D:7      | Reached skill level 10 in Hexes
  6781 | D:7      | Found a sand-covered staircase.
  6787 | Ossuary  | Entered an ossuary
  7293 | D:7      | Found a staircase to the Ecumenical Temple.
  7654 | D:8      | Found Zeskoado's Book Shoppe.
  7667 | D:8      | Bought a manual of Fighting for 1435 gold pieces
  7795 | D:8      | Reached skill level 1 in Fighting
  8113 | D:8      | Learned a level 1 spell: Apportation
  8117 | D:8      | Found a staircase to the Lair.
  8135 | D:8      | Reached skill level 5 in Fighting
  8181 | D:8      | Reached XP level 10. HP: 37/55 MP: 0/23
  8717 | D:9      | Found a glowing golden altar of the Shining One.
  8901 | D:9      | Noticed a cyclops
  8990 | D:9      | Killed a cyclops
  9033 | D:9      | Noticed kidcy's ghost (novice FoFi)
  9065 | D:9      | Killed kidcy's ghost
  9065 | D:9      | Reached skill level 10 in Fighting
  9352 | D:9      | Noticed a two-headed ogre
  9365 | D:9      | Killed a two-headed ogre
  9388 | D:9      | Found Omuasic's Armour Boutique.
  9594 | D:9      | Found a burning altar of Makhleb.
  9596 | D:9      | Found a glowing silver altar of Zin.
  9596 | D:9      | Noticed an angel
  9597 | D:9      | Noticed a green death
  9798 | D:8      | Bought a book of Party Tricks for 650 gold pieces
  9805 | D:8      | Learned a level 6 spell: Invisibility
  9807 | D:8      | Learned a level 1 spell: Summon Butterflies
  9841 | D:9      | Learned a level 1 spell: Animate Skeleton
  9843 | D:9      | Learned a level 1 spell: Summon Small Mammal
  9846 | D:9      | Learned a level 2 spell: Sticks to Snakes
 10218 | D:10     | Entered Level 10 of the Dungeon
 10243 | D:10     | Noticed an unseen horror
 10438 | D:9      | Reached skill level 1 in Shields
 10467 | D:10     | Killed an unseen horror
 10467 | D:10     | Reached XP level 11. HP: 56/66 MP: 18/24
 10911 | D:11     | Found a labyrinth entrance.
 10913 | D:11     | Noticed Psyche
 10920 | D:11     | Killed Psyche
 10941 | Lab      | Entered a labyrinth
 11076 | Lab      | Noticed a minotaur
 11114 | Lab      | Killed a minotaur
 11168 | D:11     | Gained mutation: You have a pair of small horns on your head. [potion of mutation]
 11168 | D:11     | Gained mutation: Your movements are slightly less encumbered by armour. (ER -2) [potion of mutation]
 11168 | D:11     | Gained mutation: You evolve. [potion of mutation]
 11356 | D:11     | Reached skill level 5 in Shields
 12026 | D:11     | Found a staircase to the Orcish Mines.
 12082 | D:11     | Gained mutation: Your muscles are strong. (Str +2) [evolution]
 12130 | D:12     | Noticed a deep elf mage
 12151 | D:12     | Killed a deep elf mage
 12184 | D:12     | Noticed a deep elf mage
 12199 | D:12     | Killed a deep elf mage
 12523 | D:12     | Reached skill level 5 in Stealth
 12573 | D:12     | Noticed a skeletal warrior
 12573 | D:12     | Noticed a skeletal warrior
 12658 | D:12     | Killed a skeletal warrior
 12658 | D:12     | Reached skill level 6 in Stealth
 12802 | D:12     | Noticed a skeletal warrior
 12804 | D:12     | Noticed a skeletal warrior
 12813 | D:12     | Killed a skeletal warrior
 12813 | D:12     | Reached skill level 7 in Stealth
 12823 | D:12     | Killed a skeletal warrior
 12823 | D:12     | Reached skill level 8 in Stealth
 12823 | D:12     | Reached XP level 12. HP: 70/71 MP: 20/25
 12836 | D:12     | Reached skill level 9 in Stealth
 13311 | D:13     | Reached skill level 10 in Stealth
 13436 | D:13     | Reached skill level 11 in Stealth
 13793 | D:13     | Reached skill level 12 in Stealth
 13975 | D:13     | Gained mutation: You have large cloven feet. [evolution]
 14148 | D:13     | Reached skill level 13 in Stealth
 14583 | D:14     | Noticed a centaur warrior
 14612 | D:14     | Killed a centaur warrior
 14612 | D:14     | Reached skill level 14 in Stealth
 14891 | D:14     | Reached skill level 15 in Stealth
 14956 | D:14     | Reached skill level 16 in Stealth
 15223 | D:14     | Found a stormy altar of Qazlal.
 15274 | D:14     | Reached skill level 5 in Dodging
 15825 | D:14     | Found a gate to the Vaults.
 15825 | D:14     | Noticed a vault guard
 15825 | D:14     | Noticed a vault guard
 15825 | D:14     | Noticed a vault guard
 15826 | D:14     | Noticed a vault guard
 15910 | D:14     | Reached XP level 13. HP: 75/75 MP: 13/26
 16159 | D:14     | Gained mutation: You are partially covered in slimy green scales. (AC +2) [potion of beneficial mutation]
 16190 | D:14     | Lost mutation: Your muscles are strong. (Str +2) [evolution]
 16190 | D:14     | Lost mutation: You evolve. [end of evolution]
 16292 | D:14     | Reached skill level 10 in Dodging
 16405 | D:15     | Entered Level 15 of the Dungeon
 16623 | D:15     | Found Foint's Book Shop.
 16650 | D:15     | Bought a manual of Stealth for 1324 gold pieces
 16792 | D:15     | Reached skill level 10 in Spellcasting
 17133 | D:15     | Noticed Agnes
 17301 | D:14     | Killed Agnes
 17681 | D:15     | Noticed Louise
 17734 | D:15     | Killed Louise
 18121 | D:15     | Noticed Rupert
 18644 | D:15     | Found a staircase to the Depths.
 18651 | D:15     | Reached XP level 14. HP: 68/80 MP: 20/32
 18691 | D:15     | Noticed a frost giant
 18761 | D:15     | Killed a frost giant
 18974 | Depths:1 | Entered Level 1 of the Depths
 18974 | Depths:1 | Noticed a stone giant
 18975 | Depths:1 | Killed a stone giant
 18989 | Depths:1 | Noticed a frost giant
 19270 | Depths:1 | Noticed a stone giant
 19637 | Depths:1 | Noticed a vampire knight
 19651 | Depths:1 | Slain by a vampire knight

Vault maps used:
D:1:      lemuel_arrival_rhombus
D:2:      dancing_weapons_uskayaw, old_standard_altar, dk_noncrumbling_2,
          amethyst_killhole, minmay_tromino_v4_b
D:3:      nicolae_overflow_crystal_walls, lemuel_round_altar,
          minmay_misc_feat_iff, nicolae_gozag_cash_rules_everything_around_me
D:4:      lemuel_round_altar, first_bread, kennysheep_donut
D:5:      grunt_temple_overflow_opulence, hangedman_feature_mirror
D:7:      elyvilon_altar_4, minitemple, nicolae_ossuary_entry_plus, the_bakery,
          minmay_misc_feat_diagonals, uniq_pikel
D:8:      due_lair_maze_entry_diamond, serial_shops, nicolae_shop_waterfront,
          kennysheep_generic_room_2
D:9:      grunt_temple_overflow_order_and_chaos_2, serial_shops, shop,
          basic_altar, minmay_sticks_and_stones
D:11:     hiddenorc1_lemuel, lab_entry_generic, uniq_psyche
D:12:     kennysheep_generic_room_5
D:13:     minmay_misc_feat_x
D:14:     minmay_goldmine, lightli_vaults_fourway_checkpoint,
          hangedman_abyss_or_decor_passed, nicolae_qazlal_style_of_elements
D:15:     grunt_enter_depths_snipers, serial_shops, nicolae_shop_statue_plus,
          minmay_misc_feat_hallway, minmay_misc_feat_cross,
          minmay_gold_behind_fungi, kennysheep_two_boxes, uniq_agnes,
          uniq_louise, uniq_rupert
Depths:1: enter_ziggurat_c, columned_hall_lemuel, hell_entry, serial_shops,
          nicolae_shop_stone, dpeg_stationary_puzzle, uniq_jorgrun
Lab:      nicolae_lab_dead_adventurers
Ossuary:  ossuary_tomb_3

Skill      XL: |  1  2  3  4  5  6  7  8  9 10 11 12 13 14 |
---------------+-------------------------------------------+-----
Spellcasting   | 3 4 5 6 7 8 13 14 | 14.9
Hexes          | 4 9 11 | 11.0
Short Blades   | 4 6 8 |  8.0
Fighting       | 7 12 | 12.1
Shields        | 2 7 |  7.2
Stealth        | 8 16 | 16.0
Dodging        | 7 10 | 10.0

Action                   |  1- 3 |  4- 6 |  7- 9 | 10-12 | 13-15 || total
-------------------------+-------+-------+-------+-------+-------++-------
Melee: Dagger            |    78 |   113 |       |   756 |    93 ||  1040
       Short sword       |       |    65 |   329 |   219 |       ||   613
       Headbutt          |       |       |       |   107 |    69 ||   176
       Kick              |       |       |       |    56 |    96 ||   152
       Rapier            |       |       |       |       |   296 ||   296
 Cast: Corona            |     5 |       |       |       |       ||     5
       Ensorcelled Hiber |    23 |    11 |    28 |    63 |     9 ||   134
       Tukima's Dance    |     1 |     3 |     1 |     7 |    17 ||    29
       Confuse           |       |    15 |    62 |   155 |    66 ||   298
       Dazzling Spray    |       |       |       |    11 |     9 ||    20
       Invisibility      |       |       |       |     4 |     3 ||     7
Invok: Call Merchant     |       |       |       |       |     2 ||     2
  Use: Scroll            |       |     7 |       |    16 |     5 ||    28
       Potion            |       |       |       |     1 |     7 ||     8
 Stab: Sleeping          |    18 |    16 |    26 |    81 |    25 ||   166
       Distracted        |       |     1 |     3 |     5 |     3 ||    12
       Confused          |       |     9 |    42 |   111 |    25 ||   187
       Invisible         |       |       |       |    23 |     3 ||    26
       Petrified         |       |       |       |       |     3 ||     3
       Petrifying        |       |       |       |       |     1 ||     1
  Eat: Fruit             |       |     4 |       |     9 |       ||    13
       Bread ration      |       |     1 |       |       |       ||     1
       Royal jelly       |       |       |       |     2 |       ||     2
Armor: Robe              |    17 |    14 |    11 |    35 |    28 ||   105
Dodge: Dodged            |   107 |   100 |    75 |   191 |   213 ||   686
Block: Other             |     8 |    23 |    32 |    49 |       ||   112
       Buckler           |       |       |       |   203 |   270 ||   473
       Reflection        |       |       |       |    32 |    14 ||    46
